 Dungeon Sprint DCSS version 0.21-a0-434-g806c6c2 (webtiles) character file.

100 theanonym the Covert (level 4, -4/22 HPs)
             Began as a Spriggan Assassin on Nov 8, 2017.
             Killed from afar by Sigmund (8 damage)
             ... with a magic dart
             ... in the Dungeon (Sprint I: "Red Sonja").
             The game lasted 00:00:49 (34 turns).

theanonym the Covert (Spriggan Assassin)              Turns: 34, Time: 00:00:50

Health: -4/22      AC:  3    Str:  7    XL:     4   Next: 46%
Magic:  5/5        EV: 17    Int: 12    God:
Gold:   0          SH:  0    Dex: 18    Spells: 3/3 levels left

rFire    . . .     SeeInvis +   a - +2 dagger
rCold    . . .     Gourm    .   (shield restricted)
rNeg     . . .     Faith    .   c - +0 robe
rPois    .         Spirit   .   (helmet restricted)
rElec    .         Reflect  .   d - +0 cloak
rCorr    .         Harm     .   (gloves unavailable)
MR       .....     NoTele   +   (boots unavailable)
Stlth    +++++.....             (no amulet)
HPRegen  0.07/turn              (no ring)
MPRegen  0.09/turn              (no ring)

@: very quick
A: unfitting armour, see invisible, herbivore 3, speed 3, slow metabolism 2
a: no special abilities


Innate Abilities, Weirdness & Mutations

You are very small and have problems with some larger weapons.
You are too small for most types of armour.
You have supernaturally acute eyesight. (SInv)
You are a herbivore.
You cover ground extremely quickly.
You need consume almost no food.


   Skills:
 - Level 1.5 Fighting
 + Level 7.2 Short Blades
 - Level 2.0 Throwing
 - Level 1.5 Dodging
 + Level 11.2 Stealth


You had 3 spell levels left.
You didn't know any spells.

Skill      XL: |  1  2 |
---------------+-------+-----
Short Blades   | 4 7 |  7.2
Stealth        | 8 11 | 11.2
Fighting       | |  1.5
Throwing       | |  2.0
Dodging        | |  1.5

Action                   |  1- 3 |  4- 6 || total
-------------------------+-------+-------++-------
Melee: Dagger            |     6 |    16 ||    22
  Use: Potion            |       |     1 ||     1
 Stab: Sleeping          |     2 |       ||     2
Armor: Robe              |     1 |       ||     1
Dodge: Dodged            |     2 |     5 ||     7

Inventory:

Hand Weapons
 a - a +2 dagger (weapon)
 m - a +0 blowgun
Missiles
 e - 8 poisoned needles
 f - 2 curare-tipped needles
Armour
 c - a +0 robe (worn)
 d - a +0 cloak (worn)
Scrolls
 b - a scroll of blinking
Potions
 j - a potion of haste
 k - 2 potions of magic
 l - a potion of berserk rage
 q - a potion of heal wounds
Comestibles
 g - a bread ration

Dungeon Overview and Level Annotations

Branches:
Dungeon (1/1)

Altars:

Annotations:
D Sigmund You were in the Dungeon. You were not hungry. You visited 1 branch


Message History

q - a potion of heal wounds;
b - a scroll of blinking;
m - a +0 blowgun Welcome, theanonym the Spriggan Assassin.
Found a staircase leading out of the dungeon.
Unknown command.
Setting a skill training target for Short Blades at 10.0.
You open the door.
Ijyb the Twisted Goblin comes into view.
She is wielding a dagger.
There is an open door here.
The helpless Ijyb fails to defend herself.
You impale Ijyb!! Ijyb misses you.
You barely miss Ijyb. Ijyb barely misses you.
You barely miss Ijyb. You hit Ijyb but do no damage.
Ijyb hits you but does no damage.
You hit Ijyb.
You kill Ijyb!
Your Short Blades skill gained 2 levels and is now at level 4!
Your Stealth skill gained 3 levels and is now at level 8!
You have reached level 2!
Health restored: 14; MP restored: 3
Things that are here:
a dagger; a chain mail; the goblin corpse of Ijyb Unknown command.
Unknown command.
You open the door.
An ogre comes into view. It is wielding a giant spiked club.
There is an open door here.
The helpless ogre fails to defend itself.
You perforate the ogre like a sieve!!!
You kill the ogre!
Your Short Blades skill gained 3 levels and is now at level 7!
Your Stealth skill gained 3 levels and is now at level 11!
You have reached level 3!
Your experience leads to an increase in your attributes!
Increase (S)trength, (I)ntelligence, or (D)exterity?
You feel agile.
You have reached level 4!
Health restored: 22; MP restored: 5 Unknown command.
Unknown command.
As you open the door, it creaks loudly!
You hear a shout!
Sigmund completely misses you.
Sigmund the Dreaded comes into view.
He is wielding a scythe.
There is an open door here.
You hit Sigmund. You hit Sigmund but do no damage.
Sigmund gestures at you while chanting.
You are confused.
You're too confused to move!
Sigmund completely misses you.
You feel better. Sigmund hits you with a scythe.
You take 6 damage, and have 16/22 hp.
MASSIVE DAMAGE!!
You hit Sigmund but do no damage. You hit Sigmund but do no damage.
You closely miss Sigmund. Sigmund barely misses you.
You hit Sigmund. You hit Sigmund.
Sigmund points at you and mumbles some strange words.
The puff of flame hits you!
* * * LOW HITPOINT WARNING * * *
You take 8 damage, and have 8/22 hp.
MASSIVE DAMAGE!!
You are too injured to fight recklessly!
You are too injured to fight recklessly!
You are too injured to fight recklessly!
You are too injured to fight recklessly!
You hit Sigmund. Sigmund misses you.
You hit Sigmund. You completely miss Sigmund. You hit Sigmund.
Sigmund misses you.
You hit Sigmund. You closely miss Sigmund.
Sigmund gestures wildly while chanting.
Sigmund flickers and vanishes for a moment.
You hit Sigmund. You hit Sigmund.
Sigmund points at you and mumbles some strange words.
The puff of flame hits you!
* * * LOW HITPOINT WARNING * * *
You barely miss Sigmund. Sigmund casts a spell at you. The magic dart hits you!
You die...

#############
#<.#.)'..#..+
#..'..#.)@@.#
#..#####+####
#..# #..#
#..# #⌠⌠#
####


You could see Sigmund (invisible).

Notes
Turn   | Place    | Note
-------+----------+-------------------------------------------
     0 | D        | theanonym the Spriggan Assassin began the quest for the Orb.
     0 | D        | Reached XP level 1. HP: 10/10 MP: 2/2
     2 | D        | Noticed Ijyb
     8 | D        | Killed Ijyb
     8 | D        | Reached skill level 4 in Short Blades
     8 | D        | Reached skill level 8 in Stealth
     8 | D        | Reached XP level 2. HP: 14/14 MP: 3/3
    10 | D        | Noticed an ogre
    13 | D        | Killed an ogre
    13 | D        | Reached skill level 7 in Short Blades
    13 | D        | Reached skill level 11 in Stealth
    13 | D        | Reached XP level 3. HP: 18/18 MP: 4/4
    13 | D        | Reached XP level 4. HP: 22/22 MP: 5/5
    16 | D        | Noticed Sigmund
    25 | D        | HP: 8/22 [Sigmund/puff of flame (8)]
    33 | D        | HP: 4/22 [Sigmund/puff of flame (4)]
    34 | D        | Killed from afar by Sigmund

Vanquished Creatures
  An ogre (D)
  Ijyb (D)
2 creatures vanquished.
